 Dungeon Crawl Stone Soup version 0.24.0-123-gd5b16e6ec5 (webtiles) character file.

Game seed: 4457289965071616953, levelgen mode: deterministic

8115 FishyPogo the Fighter (level 11, -1/94 HPs)
             Began as a Demonspawn Abyssal Knight on Dec 19, 2019.
             Was an Elder of Lugonu.
             Slain by a freezing wraith (5 damage)
             ... led by a death knight
             ... on level 10 of the Dungeon.
             The game lasted 00:19:09 (6302 turns).

FishyPogo the Fighter (Demonspawn Abyssal Knight)   Turns: 6302, Time: 00:19:11

Health: -1/94      AC:  9    Str: 22    XL:     11   Next: 5%
Magic:  14/17      EV: 14    Int: 28    God:    Lugonu [****..]
Gold:   563        SH:  3    Dex:  9    Spells: 7/10 levels left

rFire    . . .     SeeInvis .   Q - +10 glaive of Valiance {chop, +Inv Str+4 Int+5 Dex-3}
rCold    + . .     Gourm    .   (shield currently unavailable)
rNeg     + . .     Faith    .   M - +2 robe "Aczeop" {rN+ MR- Str+2 Int+9}
rPois    .         Spirit   .   (helmet restricted)
rElec    .         Reflect  +   F - +0 cloak (curse)
rCorr    .         Harm     .   (no gloves)
MR       .....                  (no boots)
Stlth    ++........             o - +3 amulet of reflection
HPRegen  0.25/turn              s - ring of stealth
MPRegen  0.15/turn              z - +2 ring of protection

@: no status effects
A: horns 2, rugged brown scales 2, cold resistance 1, powered by death 2,
freezing cloud immunity
a: Depart the Abyss, Bend Space, Banish, Corrupt, Renounce Religion, Evoke
Invisibility


You were on level 10 of the Dungeon.
You worshipped Lugonu.
Lugonu was greatly pleased with you.
You were not hungry.

You visited 1 branch of the dungeon, and saw 10 of its levels.
You visited the Abyss 2 times.

You collected 563 gold pieces.

Inventory:

Hand Weapons
 e - the +4 great sword "Gram" {protect, Int+3}
   (You found it on level 2 of the Abyss)

   It grants its wielder temporary protection when it strikes (+7 to AC).
   It affects your intelligence (+3).
 k - a +3 short sword
 Q - the +10 glaive of Valiance (weapon) {chop, +Inv Str+4 Int+5 Dex-3}
   (You found it on level 9 of the Dungeon)

   It inflicts extra damage upon your enemies.
   It affects your strength (+4).
   It affects your intelligence (+5).
   It affects your dexterity (-3).
   It lets you turn invisible.
Missiles
 g - 2 curare-tipped darts
 i - 157 stones
 p - 4 datura-tipped darts
 w - 8 boomerangs (quivered)
 G - 49 poisoned darts
Armour
 f - a +2 helmet of see invisible
 u - a +2 leather armour of fire resistance
 D - a +0 buckler
 F - a cursed +0 cloak (worn)
 M - the +2 robe "Aczeop" (worn) {rN+ MR- Str+2 Int+9}
   (You found it on level 2 of the Abyss)

   It affects your strength (+2).
   It affects your intelligence (+9).
   It protects you from negative energy.
   It affects your resistance to hostile enchantments.
 N - +0 steam dragon scales
Jewellery
 a - an uncursed ring of fire
 o - a +3 amulet of reflection (around neck)
 q - an uncursed ring of flight
 s - a ring of stealth (left hand)
 z - a +2 ring of protection (right hand)
Wands
 x - a wand of polymorph (17)
 H - a wand of iceblast (9)
 K - a wand of flame (5)
Scrolls
 b - 2 scrolls of magic mapping {unknown}
 h - 6 scrolls of teleportation {unknown}
 m - 17 scrolls of identify
 n - 2 scrolls of enchant weapon {unknown}
 r - 2 scrolls of amnesia {unknown}
 t - 3 scrolls of remove curse {unknown}
 v - 2 scrolls of immolation {unknown}
 y - 3 scrolls of fog {unknown}
 A - a scroll of random uselessness {unknown}
 B - 5 scrolls of blinking {unknown}
 C - 2 scrolls of noise {unknown}
 I - 2 scrolls of torment {unknown}
Potions
 d - 2 potions of flight
 j - a potion of agility
 l - a potion of curing
 E - 2 potions of invisibility
 J - a potion of heal wounds
 L - 2 potions of lignification
 P - a potion of mutation {unknown}
Comestibles
 c - 18 rations
 O - 5 chunks of flesh


   Skills:
 + Level 10.1 Fighting
 - Level 6.0 Long Blades
 * Level 1.9 Polearms
 + Level 5.2 Armour
 - Level 6.0 Dodging
 * Level 3.0 Shields
 - Level 3.1 Charms
 - Level 4.0 Necromancy
 - Level 9.0 Invocations


You had 7 spell levels left.
You knew the following spells:

 Your Spells              Type           Power        Failure   Level  Hunger
h - Regeneration          Chrm/Necr      ###.......   8%          3    ####...

Your spell library contained the following spells:

 Spells                   Type           Power        Failure   Level  Hunger
 Animate Skeleton         Necr           N/A          2%          1    ##.....
 Infusion                 Chrm           ###.         3%          1    ##.....
 Song of Slaying          Chrm           ###.....     4%          2    ###....
 Shroud of Golubria       Chrm/Tloc      #.....       9%          2    ###....
 Apportation              Tloc           #.....       11%         1    ##.....
 Confusing Touch          Hex            #.....       11%         1    ##.....
 Summon Small Mammal      Summ           #...         11%         1    ##.....
 Spectral Weapon          Hex/Chrm       #.......     19%         3    ####...
 Confuse                  Hex            #.......     32%         3    ####...
 Gell's Gravitas          Tloc           #.........   32%         3    ####...
 Petrify                  Tmut/Erth      #.......     73%         4    #####..
 Metabolic Englaciation   Hex/Ice        #.........   97%         5    ######.
 Yara's Violent Unravell  Hex/Tmut       #.........   97%         5    ######.


Dungeon Overview and Level Annotations

Branches:
Dungeon (10/15)            Temple (0/1) D:4
   Lair: D:8-11         Orc: D:9-12

Altars:
Cheibriados
Elyvilon
Nemelex Xobeh
Okawaru
Qazlal
Sif Muna
Trog
Uskayaw
Vehumet
Wu Jian
Xom
Yredelemnul
Zin
The Shining One

Annotations:
D:8 1 runed translucent door


Innate Abilities, Weirdness & Mutations

You have a pair of horns on your head.
You are mostly covered in rugged brown scales. (AC +2, +5% HP)
Your flesh is cold resistant. (rC+)
You regenerate health from kills.
You are immune to freezing clouds.


Message History

The freezing wraith closely misses you.
You slice the freezing wraith!!
The freezing wraith is almost destroyed.
The freezing wraith hits you! The freezing wraith freezes you. You resist.
The freezing wraith hits you!
You block the freezing wraith's attack. x2
You closely miss the freezing wraith.
The freezing wraith is almost destroyed.
The freezing wraith hits you!
* * * LOW HITPOINT WARNING * * *
The freezing wraith freezes you! You resist.
* * * LOW HITPOINT WARNING * * *
The freezing wraith hits you.
* * * LOW HITPOINT WARNING * * *
You barely miss the freezing wraith.
You headbutt the freezing wraith, but do no damage.
The freezing wraith is almost destroyed.
The freezing wraith hits you!
* * * LOW HITPOINT WARNING * * *
The freezing wraith freezes you. You resist.
You die...

#...##)######## #.#
#............### #.#
#..............# #.#
##.#.#.#####.#.# #.#
#......## #.#.# #.# #.......#
#.#.#####<## #<......#
#.#............#
#.#.#.#.###.#..###...###.#
####.#.#.#WWW@........#..
####..........#####..###...##
.......)).#.#.# #..# ## ..
####.##...#.#.# #..# #. #.
#...# # # #..# .# # #.....
...# ....#... .... ##..####
##. ..#


You could see a freezing wraith and 2 wraiths.

Vanquished Creatures
  A two-headed ogre (D:9)
  Psyche (D:9)
  2 hornets
  3 hippogriffs
  2 humans (D:7)
  Eustachio (D:4)
  A wraith (D:10)
  A hungry ghost (D:9)
  A steam dragon (D:9)
  A water moccasin (D:4)
  2 soldier ants (D:8)
  A sky beast (D:8)
  A necrophage (D:10)
  2 phantoms
  An eye of draining (D:9)
  5 ice beasts
  5 black bears
  9 ogres
  3 centaurs
  A big kobold (D:9)
  4 bullfrogs
  3 scorpions
  11 killer bees (D:7)
  A howler monkey (D:5)
  7 crimson imps
  2 jellies (D:8)
  2 bullfrog skeletons
  6 orc priests
  4 hounds
  An iron imp (Abyss:2)
  7 orc wizards
  2 centaur skeletons
  Jessica (D:3)
  An iguana (D:8)
  5 worker ants
  A statue (D:4)
  2 hound skeletons
  A howler monkey zombie (D:7)
  A worker ant zombie (D:8)
  A howler monkey skeleton (D:5)
  10 adders
  3 shadow imps
  An ooze (D:1)
  5 adder skeletons
  5 worms
  2 dart slugs
  2 leopard geckos (D:3)
  40 orcs
  7 giant cockroaches
  6 goblins
  9 hobgoblins
  10 jackals
  9 kobolds
  2 ball pythons
  10 bats
  11 frilled lizards
  3 quokka skeletons
  2 quokka zombies
  3 rats
247 creatures vanquished.

Vanquished Creatures (others)
  A death knight (D:10)
  An orc warrior (D:6)
2 creatures vanquished.

Grand Total: 249 creatures vanquished

Notes
Turn   | Place    | Note
-------+----------+-------------------------------------------
     0 | Abyss:1  | FishyPogo the Demonspawn Abyssal Knight began the quest for
                  | the Orb.
     0 | Abyss:1  | Reached XP level 1. HP: 18/18 MP: 2/2
    49 | Abyss:1  | Noticed a reaper
    60 | Abyss:2  | Got a crude great sword
    61 | Abyss:2  | Identified the +4 great sword "Gram" {protect, Int+3} (You
                  | found it on level 2 of the Abyss)
    78 | D:1      | Escaped the Abyss
   161 | D:1      | Reached skill level 1 in Dodging
   162 | D:1      | Reached * piety under Lugonu
   164 | D:1      | Gained mutation: You are partially covered in rugged brown
                  | scales. (AC +1, +3% HP) [demonic ancestry]
   164 | D:1      | Reached XP level 2. HP: 12/24 MP: 3/3
   512 | D:1      | Reached XP level 3. HP: 29/29 MP: 5/5
  1001 | D:2      | Reached ** piety under Lugonu
  1145 | D:3      | Gained mutation: You regenerate a little health from kills.
                  | [demonic ancestry]
  1145 | D:3      | Reached XP level 4. HP: 38/38 MP: 6/6
  1156 | D:3      | Noticed Jessica
  1161 | D:3      | Killed Jessica
  1248 | D:3      | Reached skill level 4 in Fighting
  1306 | D:3      | Found a hide-covered altar of Uskayaw.
  1307 | D:3      | Noticed a +0 hand axe
  1307 | D:3      | Noticed a +0 hand axe
  1416 | D:3      | Gained mutation: Your flesh is cold resistant. (rC+)
                  | [demonic ancestry]
  1416 | D:3      | Reached XP level 5. HP: 37/43 MP: 7/7
  1501 | D:3      | Found a shimmering altar of Xom.
  1896 | D:4      | Noticed an ogre
  1901 | D:4      | Killed an ogre
  1901 | D:4      | Gained mutation: You have a pair of small horns on your
                  | head. [demonic ancestry]
  1901 | D:4      | Reached XP level 6. HP: 50/50 MP: 7/9
  1928 | D:4      | Noticed Eustachio
  1941 | D:4      | Noticed a water moccasin
  1955 | D:4      | Killed a water moccasin
  1955 | D:4      | Reached *** piety under Lugonu
  1955 | D:4      | Reached skill level 5 in Fighting
  1959 | D:4      | Killed Eustachio
  1959 | D:4      | Reached XP level 7. HP: 21/57 MP: 10/10
  2035 | D:4      | Found an ornate altar of the Wu Jian Council.
  2067 | D:4      | Found a white marble altar of Elyvilon.
  2150 | D:4      | Found a staircase to the Ecumenical Temple.
  2180 | D:4      | Reached skill level 5 in Invocations
  2246 | D:4      | Found a radiant altar of Vehumet.
  2463 | D:4      | Found a snail-covered altar of Cheibriados.
  2569 | D:5      | Entered Level 5 of the Dungeon
  2576 | D:5      | Reached skill level 6 in Fighting
  2809 | D:5      | Gained mutation: You have a pair of horns on your head.
                  | [demonic ancestry]
  2809 | D:5      | Reached XP level 8. HP: 65/65 MP: 12/12
  2813 | D:5      | Reached skill level 5 in Long Blades
  2916 | D:5      | Found a shimmering blue altar of Sif Muna.
  3037 | D:5      | Found a glowing golden altar of the Shining One.
  3223 | D:5      | Found a stormy altar of Qazlal.
  3226 | D:5      | Noticed an air elemental
  3283 | D:6      | Reached skill level 7 in Fighting
  3333 | D:6      | Reached **** piety under Lugonu
  3378 | D:6      | Found a bloodstained altar of Trog.
  3617 | D:6      | Gained mutation: You are immune to freezing clouds.
                  | [demonic ancestry]
  3617 | D:6      | Reached XP level 9. HP: 73/76 MP: 14/14
  3767 | D:7      | Reached skill level 8 in Fighting
  3808 | D:7      | Found an iron altar of Okawaru.
  3833 | D:7      | Reached skill level 5 in Dodging
  3985 | D:7      | Reached skill level 9 in Fighting
  4339 | D:8      | Gained mutation: You regenerate health from kills. [demonic
                  | ancestry]
  4339 | D:8      | Reached XP level 10. HP: 78/85 MP: 16/16
  4390 | D:8      | Reached ***** piety under Lugonu
  4508 | D:8      | Found a runed translucent door.
  4582 | D:8      | Learned a level 3 spell: Regeneration
  4710 | D:8      | Reached skill level 1 in Necromancy
  4714 | D:8      | Reached skill level 1 in Charms
  4864 | D:8      | Found a basalt altar of Yredelemnul.
  4873 | D:8      | Found a glowing silver altar of Zin.
  4921 | D:8      | Found a sparkling altar of Nemelex Xobeh.
  5006 | D:9      | Noticed a two-headed ogre
  5013 | D:9      | Killed a two-headed ogre
  5094 | D:9      | Noticed Psyche
  5103 | D:9      | Paralysed by Psyche for 6 turns
  5104 | D:9      | Cast into level 2 of the Abyss (Psyche)
  5141 | Abyss:2  | Got a warped robe
  5166 | Abyss:2  | Identified the +2 robe "Aczeop" {rN+ MR- Str+2 Int+9} (You
                  | found it on level 2 of the Abyss)
  5175 | Abyss:2  | Found a corrupted altar of Lugonu.
  5230 | Abyss:2  | Noticed a spatial maelstrom
  5232 | D:9      | Escaped the Abyss
  5235 | D:9      | Killed Psyche
  5248 | D:9      | Found a basalt altar of Yredelemnul.
  5339 | D:9      | Reached skill level 1 in Shields
  5341 | D:9      | Reached skill level 10 in Fighting
  5469 | D:9      | Got a blackened glaive
  5611 | D:9      | Identified the +10 glaive of Valiance {chop, +Inv Str+4
                  | Int+5 Dex-3} (You found it on level 9 of the Dungeon)
  5807 | D:9      | Reached skill level 5 in Armour
  6045 | D:9      | Reached skill level 1 in Polearms
  6137 | D:10     | Entered Level 10 of the Dungeon
  6138 | D:10     | Noticed a death knight
  6297 | D:10     | Gained mutation: You are mostly covered in rugged brown
                  | scales. (AC +2, +5% HP) [demonic ancestry]
  6297 | D:10     | Reached XP level 11. HP: 74/94 MP: 17/17
  6298 | D:10     | Banished a death knight
  6302 | D:10     | HP: 4/94 [freezing wraith[a death knight] (7)]
  6302 | D:10     | Slain by a freezing wraith

Levels and vault maps discovered:
D:1:      dpeg_arrival_tiny_c, layout_basic, chequers_serial_rivers_small_b
D:2:      layout_rooms
D:3:      layout_basic, brannock_xom_greatest_gift, dancing_weapons_uskayaw,
          uniq_jessica
D:4:      layout_basic, lemuel_round_altar, vehumet_statue, lemuel_doored_altar,
          minmay_temple_entry_mist, first_ration, elyvilon_altar_3,
          uniq_eustachio
D:5:      layout_basic, lemuel_round_altar, nicolae_qazlal_style_of_elements,
          lemuel_blue_sif_altar
D:6:      layout_loops_ring, trog_ov_bears_minmay
D:7:      layout_cave_pools, okawaru_humans
D:8:      layout_rooms, lemuel_coloured_pillars_altar, zin_statuary,
          hangedman_pestilent_swarm, dk_yredelemnul_ordeal
D:9:      layout_layer_cave, basic_altar, roderic_three_in_a_row, minmay_bent,
          uniq_psyche
D:10:     layout_loops_ring, david_lair_generic, ebering_ghost_disaster_area,
          serial_shops, shop

Skill      XL: |  1  2  3  4  5  6  7  8  9 10 11 |
---------------+----------------------------------+-----
Long Blades    | 2 3 4 5 6 |  6.0
Dodging        | 1 2 3 4 5 6 |  6.0
Armour         | 2 3 5 |  5.2
Invocations    | 3 4 5 7 8 9 |  9.0
Fighting       | 4 5 6 7 9 10 | 10.1
Necromancy     | 4 |  4.0
Charms         | 3 |  3.1
Shields        | 2 3 |  3.0
Polearms       | 1 |  1.9

Action                   |  1- 3 |  4- 6 |  7- 9 | 10-12 || total
-------------------------+-------+-------+-------+-------++-------
Melee: Great sword       |    97 |    91 |   229 |   128 ||   545
       Headbutt          |       |     5 |    38 |    38 ||    81
       Glaive            |       |       |       |    64 ||    64
Throw: Boomerang         |       |     3 |    34 |     2 ||    39
Invok: Depart the Abyss  |     1 |       |       |     1 ||     2
       Banish            |       |       |     1 |     1 ||     2
  Use: Potion            |       |       |     7 |       ||     7
       Scroll            |       |       |     1 |       ||     1
 Stab: Sleeping          |       |       |     1 |     6 ||     7
  Eat: Chunk             |     1 |     3 |     9 |    12 ||    25
Armor: Leather armour    |    53 |    72 |   127 |    46 ||   298
       Skin              |       |       |   205 |       ||   205
       Robe              |       |       |       |    51 ||    51
Dodge: Dodged            |    78 |    94 |   260 |   187 ||   619
Block: Other             |       |       |    10 |    24 ||    34
       Rpst.: Great sword |    20 |    21 |    78 |    38 ||   157
